 Dungeon Crawl Stone Soup version 0.29.1-1-gd02db6906a (webtiles) character file.

Game seed: 4233909749113852110

1582 QueenGhuleh the Covered (level 8, -10/71 HPs)
             Began as a Minotaur Berserker on Oct 6, 2022.
             Was an Elder of Trog.
             Killed from afar by a steam dragon (12 damage)
             ... with a ball of steam
             ... on level 6 of the Dungeon on Oct 11, 2022.
             The game lasted 00:12:16 (7412 turns).

QueenGhuleh the Covered (Minotaur Berserker)        Turns: 7412, Time: 00:12:17

Health: -10/71     AC: 10    Str: 25    XL:     8   Next: 60%
Magic:  7/7        EV:  9    Int:  4    God:    Trog [****..]
Gold:   308        SH:  0    Dex:  9    Spells: 7/7 levels left

rFire   . . .      SeeInvis .   u - +0 scythe
rCold   . . .      Faith    .   (shield currently unavailable)
rNeg    . . .      Spirit   .   h - +0 chain mail
rPois   +          Reflect  .   (helmet restricted)
rElec   .          Harm     .   (no cloak)
rCorr   .          Rampage  .   (no gloves)
Will    .....                   (no boots)
Stlth   ..........              (no amulet)
HPRegen 0.21/turn               n - ring of poison resistance
MPRegen 0.10/turn               (no ring)

@: on berserk cooldown, slowed, very slow
A: horns 2, retaliatory headbutt
a: Renounce Religion, Berserk, Trog's Hand, Brothers in Arms


You were on level 6 of the Dungeon.
You worshipped Trog.
Trog was greatly pleased with you.
You visited 1 branch of the dungeon, and saw 6 of its levels.

You collected 308 gold pieces.

Inventory:

Hand Weapons
 a - a +0 hand axe
 u - a +0 scythe (weapon)
Armour
 h - a +0 chain mail (worn)
Jewellery
 n - a ring of poison resistance (left hand)
 t - a ring of see invisible
Wands
 x - a wand of mindburst (5)
 B - a wand of polymorph (2)
 D - a wand of roots (8)
Scrolls
 c - 2 scrolls of blinking {unknown}
 d - 4 scrolls of identify {unknown}
 g - a scroll of summoning {unknown}
 i - 2 scrolls of fear {unknown}
 j - 2 scrolls of brand weapon {unknown}
 k - a scroll of torment {unknown}
 l - 2 scrolls of teleportation {unknown}
 q - 2 scrolls of amnesia {unknown}
 s - a scroll of poison {unknown}
 v - a scroll of fog {unknown}
 y - a scroll of immolation {unknown}
Potions
 b - a potion of brilliance {unknown}
 e - 3 potions of degeneration {unknown}
 f - 4 potions of berserk rage {unknown}
 m - a potion of heal wounds {unknown}
 o - 2 potions of might {unknown}
 p - a potion of curing {unknown}
 r - 3 potions of haste {unknown}
 w - 3 potions of attraction {unknown}
 z - a potion of ambrosia {unknown}
 A - a potion of lignification {unknown}
 C - a potion of magic {unknown}
 E - a potion of flight {unknown}


   Skills:
 + Level 6.6 Fighting
 + Level 6.1(7.4) Axes
 + Level 6.5(7.6) Polearms
 + Level 7.9 Armour
 + Level 3.5 Dodging
 + Level 1.0 Stealth
 + Level 0.2 Unarmed Combat


You had 7 spell levels left.
You didn't know any spells.
Your spell library was empty.

Dungeon Overview and Level Annotations

Branches:
Dungeon (6/15)
 Temple: D:4-7

Altars:
Cheibriados
Kikubaaqudgha
Uskayaw
Zin

Shops:
D:4 [   D:6 *


Innate Abilities, Weirdness & Mutations

You have a pair of horns on your head.
You reflexively headbutt those who attack you in melee.


Message History

You hit the kobold.
The kobold is moderately wounded.
The kobold barely misses you. You furiously retaliate!
You headbutt the kobold!
You kill the kobold!
Trog accepts your kill.
The kobold hits you but does no damage. x2
You slice the kobold!!
You kill the kobold!
Trog accepts your kill.
You are no longer berserk.
You are exhausted.
You feel yourself slow down. The kobold hits you but does no damage.
The kobold hits you but does no damage. The steam dragon breathes steam at you.
The ball of steam hits you!
* * * LOW HITPOINT WARNING * * *
Things that are here:
a +0 dagger; 4 stones; a kobold corpse You closely miss the steam dragon.
You are engulfed in a cloud of scalding steam.
* * * LOW HITPOINT WARNING * * *
The kobold misses you. The steam dragon bites you.
* * * LOW HITPOINT WARNING * * *
The steam dragon claws you but does no damage.
The steam dragon bites you but does no damage.
The steam dragon claws you but does no damage.
The kobold hits you but does no damage.
You barely miss the steam dragon. You headbutt the steam dragon!
The steam dragon is heavily wounded.
The kobold closely misses you. You furiously retaliate!
You headbutt the kobold.
You kill the kobold!
Trog accepts your kill.
The steam dragon bites you but does no damage.
The steam dragon claws you but does no damage.
You hit the steam dragon.
The steam dragon is heavily wounded.
The steam dragon breathes steam at you. The ball of steam hits you!
You die...

#.# ##......#...#.####
#.#####.###.......##..
#..†.....####...###.##
######..#####.# #...##.###
........# #.# #.........
...###..# #.####...##.#..
...##...# #..............
.......)#####..............
...###....@)............>..
.. #...D§.######...##.#.#
........#)### #.........
########.# #...###### #.# #
#.# #.# #.# ...


You could see a steam dragon (catching breath).

Vanquished Creatures
  Sigmund (D:3)
  2 water moccasins
  An ice beast (D:5)
  A centaur (D:5)
  A kobold brigand (D:6)
  2 scorpions
  4 wights (D:6)
  A howler monkey (D:4)
  3 hounds
  4 jellies
  An orc priest (D:3)
  Jessica (D:3)
  5 orc wizards
  Ijyb (D:4)
  5 adders
  2 ufetubi (D:5)
  2 worms
  4 dart slugs
  18 orcs
  7 ball pythons
  13 endoplasms
  A giant cockroach (D:4)
  10 goblins
  7 hobgoblins
  7 jackals
  2 quokkas
  4 bats
  5 frilled lizards
  13 kobolds
  5 rats
133 creatures vanquished.

Vanquished Creatures (others)
  2 fungi (D:4)
  6 toadstools (D:4)
8 creatures vanquished.

Grand Total: 141 creatures vanquished

Notes
Turn   | Place    | Note
-------+----------+-------------------------------------------
     0 | D:1      | QueenGhuleh the Minotaur Berserker began the quest for the
                  | Orb.
     0 | D:1      | Reached XP level 1. HP: 19/19 MP: 0/0
   201 | D:1      | Reached XP level 2. HP: 27/27 MP: 1/1
   925 | D:1      | Reached ** piety under Trog
  1042 | D:2      | Found a faded altar of an unknown god.
  1050 | D:2      | Reached XP level 3. HP: 33/33 MP: 2/2
  1275 | D:2      | Reached skill level 3 in Armour
  1868 | D:2      | Reached XP level 4. HP: 39/40 MP: 3/3
  1964 | D:3      | Noticed Sigmund
  1973 | D:3      | Killed Sigmund
  1974 | D:3      | Reached skill level 5 in Axes
  1974 | D:3      | Reached skill level 4 in Armour
  1974 | D:3      | Reached XP level 5. HP: 27/47 MP: 4/4
  2166 | D:3      | Noticed Jessica
  2177 | D:3      | Killed Jessica
  2178 | D:3      | Reached XP level 6. HP: 37/53 MP: 5/5
  2410 | D:3      | Reached skill level 5 in Armour
  3251 | D:4      | Reached *** piety under Trog
  3260 | D:4      | Reached skill level 1 in Polearms
  3385 | D:4      | Found Kafass's Armour Boutique.
  3478 | D:4      | Noticed Ijyb
  3499 | D:4      | Killed Ijyb
  3866 | D:4      | Reached skill level 5 in Fighting
  3866 | D:4      | Reached XP level 7. HP: 46/61 MP: 6/6
  4173 | D:4      | HP: 2/61 [something (2)]
  4502 | D:4      | Found an ancient bone altar of Kikubaaqudgha.
  5219 | D:5      | Entered Level 5 of the Dungeon
  5233 | D:5      | Reached skill level 6 in Armour
  5470 | D:5      | Noticed a +0 dagger
  5471 | D:5      | Found a hide-covered altar of Uskayaw.
  5471 | D:5      | Noticed a +0 hand axe
  5995 | D:5      | Reached **** piety under Trog
  6270 | D:5      | Found a glowing silver altar of Zin.
  6385 | D:5      | Reached XP level 8. HP: 34/70 MP: 7/7
  6716 | D:5      | Found a snail-covered altar of Cheibriados.
  6735 | D:5      | Reached skill level 5 in Polearms
  6920 | D:6      | Reached skill level 7 in Armour
  7155 | D:6      | Found Midd's Gadget Gallery.
  7402 | D:6      | Reached skill level 1 in Stealth
  7410 | D:6      | HP: 1/71 [steam dragon (3)]
  7412 | D:6      | Killed from afar by a steam dragon

Illustrated notes

Levels and vault maps discovered:
D:1:      nzn_arrival_crosshair, layout_basic
D:2:      minmay_angry_zag, layout_loops_cross, basic_ecumenical_altar,
          minmay_ruptured
D:3:      layout_loops_ring, uniq_sigmund, uniq_jessica
D:4:      cheibrodos_fertilizer, layout_layer_cave, kiku_gazebo_pond_becter,
          serial_shops, nicolae_shop_temple_entry_statues_fountains,
          st_stairs_7, uniq_ijyb
D:5:      layout_basic, cheibrodos_worm_habitat, lemuel_doored_altar,
          dancing_weapons_uskayaw
D:6:      layout_loops_cross, nicolae_shop_gadgets

Skill      XL: |  1  2  3  4  5  6  7  8 |
---------------+-------------------------+-----
Fighting       | 4 5 6 |  6.6
Axes           | 4 5 6 |  6.1
Armour         | 3 4 5 6 7 |  7.9
Polearms       | 2 4 6 |  6.5
Dodging        | 3 |  3.5
Stealth        | 1 |  1.0
Unarmed Combat | |  0.2

Action                   |  1- 3 |  4- 6 |  7- 9 || total
-------------------------+-------+-------+-------++-------
Melee: Hand axe          |   105 |    10 |       ||   115
       Headbutt          |    13 |     9 |    21 ||    43
       Punch             |     3 |       |       ||     3
       Halberd           |       |    94 |   175 ||   269
       Unarmed           |       |    18 |       ||    18
Invok: Berserk           |       |     2 |     2 ||     4
Armor: Animal skin       |    10 |       |       ||    10
       Chain mail        |    35 |    64 |    87 ||   186
Dodge: Dodged            |    55 |    40 |    67 ||   162
